[ AOE2 MATCH · #506151368 ]
UnrankedBurgundians vs Slavs
Rival team · WIN
[ REPLAY ANALYSIS · EXTRACTED FROM THE RECORDED GAME ]
Feudal
10:26
Castle
14:47
Imperial
—
| APM avg | 57.1 |
| APM peak | 108 |
| eAPM avg | 28.9 |
| Villagers / military | 73 / 56 |
Focus
⚔️ 45.0% · 🌾 55.0%
Scout Cavalry ×47 · Archer ×9 · Fishing Ship ×9
Feudal
9:45
Castle
13:44
Imperial
—
| APM avg | 43.5 |
| APM peak | 79 |
| eAPM avg | 25.3 |
| Villagers / military | 58 / 80 |
Focus
⚔️ 25.0% · 🌾 75.0%
Monk ×47 · Spearman ×25 · Battering Ram ×6 · Knight ×1 · Scout Cavalry ×1
Match map
Initial resources + every placement click. Lines = walls · curves = elevation contours. ◆ gold · ⬟ stone · ● berries · ✦ relic · ◌ wall gap
Your base· ✓ Closed at 14:47 · 3t walls · 6 gate(s)
JoshDomestique's base· ✓ Closed at 13:44 · 0t walls · 4 gate(s)
Smoothed initial terrain · ◌ = detected wall gap · hover for details
Inputs per minute
— Fabrizio 094455 - - JoshDomestique
Build order — Fabrizio 094455
First 150 of 230 actions detected
| 0:01 | Create | Villager (Male) |
| 0:01 | Create | Villager (Male) |
| 0:01 | Create | Villager (Male) |
| 0:02 | Build | House |
| 0:04 | Build | House |
| 0:14 | Create | Villager (Male) |
| 0:14 | Create | Villager (Male) |
| 1:26 | Create | Villager (Male) |
| 1:26 | Create | Villager (Male) |
| 1:27 | Create | Villager (Male) |
| 1:49 | Build | Lumber Camp |
| 2:03 | Create | Villager (Male) |
| 2:03 | Create | Villager (Male) |
| 2:20 | Create | Villager (Male) |
| 2:20 | Create | Villager (Male) |
| 2:52 | Create | Villager (Male) |
| 2:52 | Create | Villager (Male) |
| 3:08 | Create | Villager (Male) |
| 3:08 | Create | Villager (Male) |
| 3:24 | Build | House |
| 3:25 | Build | House |
| 3:36 | Create | Villager (Male) |
| 3:36 | Create | Villager (Male) |
| 3:50 | Create | Villager (Male) |
| 3:50 | Create | Villager (Male) |
| 4:04 | Research | Double-Bit Axe |
| 4:20 | Create | Villager (Male) |
| 4:45 | Create | Villager (Male) |
| 4:45 | Create | Villager (Male) |
| 4:45 | Create | Villager (Male) |
| 5:06 | Build | Dock |
| 5:13 | Create | Villager (Male) |
| 5:14 | Create | Villager (Male) |
| 5:32 | Create | Villager (Male) |
| 5:33 | Create | Villager (Male) |
| 5:38 | Build | Palisade Wall |
| 5:38 | Build | Palisade Wall |
| 5:48 | Create | Fishing Ship |
| 5:48 | Create | Fishing Ship |
| 5:52 | Create | Villager (Male) |
| 5:53 | Create | Villager (Male) |
| 6:28 | Create | Villager (Male) |
| 6:28 | Create | Villager (Male) |
| 6:28 | Create | Fishing Ship |
| 6:29 | Create | Fishing Ship |
| 6:45 | Create | Fishing Ship |
| 6:45 | Create | Fishing Ship |
| 6:46 | Create | Villager (Male) |
| 6:46 | Create | Villager (Male) |
| 7:14 | Create | Villager (Male) |
| 7:26 | Build | Lumber Camp |
| 7:29 | Create | Villager (Male) |
| 7:57 | Create | Villager (Male) |
| 7:57 | Create | Villager (Male) |
| 8:16 | Research | Feudal Age |
| 8:18 | Build | Mining Camp |
| 8:48 | Build | House |
| 8:49 | Build | House |
| 9:09 | Create | Fishing Ship |
| 9:57 | Create | Villager (Male) |
| 10:01 | Create | Villager (Male) |
| 10:26 | Age | Feudal Age |
| 10:31 | Build | Blacksmith |
| 10:42 | Build | Mill |
| 11:06 | Create | Villager (Male) |
| 11:12 | Create | Fishing Ship |
| 11:21 | Build | Market |
| 11:23 | Build | Market |
| 11:29 | Research | Tech 906 |
| 11:38 | Create | Villager (Male) |
| 12:06 | Research | Castle Age |
| 12:07 | Research | Castle Age |
| 12:32 | Research | Horse Collar |
| 12:32 | Research | Horse Collar |
| 12:36 | Build | Farm |
| 12:42 | Research | Bow Saw |
| 12:42 | Research | Bow Saw |
| 12:44 | Research | Tech 906 |
| 12:44 | Research | Tech 906 |
| 13:08 | Build | Farm |
| 13:12 | Build | Farm |
| 13:29 | Create | Villager (Male) |
| 13:47 | Build | Barracks |
| 13:49 | Build | Palisade Wall |
| 13:55 | Create | Villager (Male) |
| 14:04 | Build | Barracks |
| 14:08 | Research | Forging |
| 14:09 | Research | Forging |
| 14:21 | Build | Farm |
| 14:45 | Build | Stable |
| 14:47 | Age | Castle Age |
| 14:56 | Create | Villager (Male) |
| 15:01 | Build | Palisade Wall |
| 15:02 | Build | House |
| 15:03 | Build | Palisade Wall |
| 15:09 | Build | Stable |
| 15:12 | Research | Iron Casting |
| 15:13 | Research | Iron Casting |
| 15:16 | Build | Farm |
| 15:31 | Research | Light Cavalry (upgrade) |
| 15:31 | Research | Light Cavalry (upgrade) |
| 15:32 | Create | Villager (Male) |
| 15:34 | Build | Farm |
| 15:49 | Research | Husbandry |
| 15:49 | Research | Husbandry |
| 15:53 | Create | Villager (Male) |
| 16:00 | Create | Fishing Ship |
| 16:08 | Build | House |
| 16:10 | Build | House |
| 16:15 | Research | Town Watch |
| 16:21 | Create | Scout Cavalry |
| 16:24 | Build | House |
| 16:44 | Create | Scout Cavalry |
| 16:45 | Create | Scout Cavalry |
| 16:51 | Build | Monastery |
| 16:52 | Create | Villager (Male) |
| 16:52 | Create | Villager (Male) |
| 17:02 | Build | Farm |
| 17:05 | Build | Farm |
| 17:07 | Create | Villager (Male) |
| 17:11 | Build | House |
| 17:15 | Create | Villager (Male) |
| 17:23 | Create | Scout Cavalry |
| 17:23 | Create | Scout Cavalry |
| 17:39 | Create | Scout Cavalry |
| 17:40 | Create | Scout Cavalry |
| 17:40 | Create | Scout Cavalry |
| 17:46 | Build | Farm |
| 17:49 | Build | Farm |
| 17:54 | Create | Villager (Male) |
| 17:54 | Create | Villager (Male) |
| 17:59 | Create | Scout Cavalry |
| 17:59 | Create | Scout Cavalry |
| 18:12 | Create | Villager (Male) |
| 18:20 | Create | Scout Cavalry |
| 18:21 | Create | Scout Cavalry |
| 18:35 | Create | Scout Cavalry |
| 18:35 | Create | Scout Cavalry |
| 18:52 | Create | Scout Cavalry |
| 18:58 | Create | Villager (Male) |
| 19:01 | Create | Villager (Male) |
| 19:27 | Create | Villager (Male) |
| 19:29 | Build | Farm |
| 19:52 | Create | Scout Cavalry |
| 19:52 | Create | Scout Cavalry |
| 19:53 | Create | Villager (Male) |
| 19:54 | Create | Scout Cavalry |
| 19:54 | Create | Scout Cavalry |
| 19:58 | Build | House |
| 20:09 | Research | Devotion |
Build order — JoshDomestique
First 150 of 198 actions detected
| 0:00 | Create | Villager (Male) |
| 0:00 | Create | Villager (Male) |
| 0:01 | Create | Villager (Male) |
| 0:02 | Build | House |
| 0:03 | Build | House |
| 0:03 | Create | Villager (Male) |
| 1:29 | Create | Villager (Male) |
| 2:01 | Create | Villager (Male) |
| 2:01 | Create | Villager (Male) |
| 2:20 | Create | Villager (Male) |
| 2:23 | Build | Lumber Camp |
| 2:39 | Create | Villager (Male) |
| 2:52 | Create | Villager (Male) |
| 3:34 | Create | Villager (Male) |
| 3:34 | Create | Villager (Male) |
| 4:00 | Build | House |
| 4:11 | Create | Villager (Male) |
| 4:15 | Build | House |
| 4:34 | Create | Villager (Male) |
| 4:53 | Create | Villager (Male) |
| 5:00 | Build | Mill |
| 5:14 | Create | Villager (Male) |
| 5:14 | Create | Villager (Male) |
| 5:16 | Create | Villager (Male) |
| 6:01 | Create | Villager (Male) |
| 6:11 | Create | Villager (Male) |
| 6:24 | Create | Villager (Male) |
| 7:05 | Build | Mining Camp |
| 7:35 | Research | Feudal Age |
| 8:45 | Create | Villager (Male) |
| 8:45 | Create | Villager (Male) |
| 9:45 | Age | Feudal Age |
| 9:46 | Build | Market |
| 9:48 | Build | Blacksmith |
| 10:35 | Create | Villager (Male) |
| 11:04 | Research | Castle Age |
| 11:37 | Research | Loom |
| 12:00 | Research | Double-Bit Axe |
| 12:09 | Build | House |
| 13:19 | Build | House |
| 13:44 | Age | Castle Age |
| 13:46 | Build | Monastery |
| 13:52 | Build | Monastery |
| 13:55 | Build | Palisade Wall |
| 13:57 | Build | Palisade Wall |
| 14:01 | Build | Palisade Wall |
| 14:06 | Create | Villager (Male) |
| 14:12 | Research | Bow Saw |
| 14:13 | Create | Villager (Male) |
| 14:17 | Build | Mill |
| 14:33 | Create | Monk |
| 14:40 | Create | Monk |
| 14:41 | Create | Villager (Male) |
| 14:43 | Build | Barracks |
| 14:48 | Build | House |
| 14:52 | Research | Sanctity |
| 15:18 | Create | Villager (Male) |
| 15:24 | Create | Monk |
| 15:39 | Create | Spearman |
| 15:47 | Build | Mining Camp |
| 15:49 | Create | Monk |
| 16:21 | Create | Villager (Male) |
| 16:35 | Create | Monk |
| 16:50 | Create | Villager (Male) |
| 16:52 | Create | Monk |
| 17:04 | Create | Villager (Male) |
| 17:13 | Create | Spearman |
| 17:28 | Build | Outpost |
| 17:33 | Create | Monk |
| 17:36 | Create | Spearman |
| 17:45 | Build | Siege Workshop |
| 17:49 | Create | Monk |
| 18:09 | Build | House |
| 18:15 | Create | Villager (Male) |
| 18:42 | Create | Monk |
| 18:44 | Create | Villager (Male) |
| 18:47 | Create | Monk |
| 19:01 | Create | Monk |
| 19:09 | Create | Monk |
| 19:12 | Create | Villager (Male) |
| 19:18 | Research | Redemption |
| 19:24 | Build | House |
| 19:48 | Create | Spearman |
| 19:48 | Create | Monk |
| 19:56 | Build | House |
| 19:58 | Create | Battering Ram |
| 20:01 | Create | Monk |
| 20:03 | Create | Spearman |
| 20:11 | Create | Monk |
| 20:37 | Create | Monk |
| 20:41 | Create | Battering Ram |
| 20:44 | Build | Outpost |
| 20:48 | Create | Villager (Male) |
| 21:00 | Create | Monk |
| 21:15 | Create | Monk |
| 21:22 | Create | Villager (Male) |
| 21:43 | Create | Monk |
| 21:57 | Create | Monk |
| 22:08 | Create | Monk |
| 22:15 | Build | House |
| 22:18 | Create | Villager (Male) |
| 22:20 | Build | Monastery |
| 22:23 | Create | Monk |
| 22:35 | Build | Farm |
| 22:35 | Build | Farm |
| 22:38 | Build | Farm |
| 22:38 | Build | Farm |
| 22:39 | Build | Farm |
| 22:39 | Build | Farm |
| 22:49 | Create | Monk |
| 23:06 | Build | Mining Camp |
| 23:09 | Create | Monk |
| 23:13 | Create | Spearman |
| 23:25 | Create | Spearman |
| 23:48 | Build | House |
| 23:49 | Create | Monk |
| 23:49 | Create | Villager (Male) |
| 24:17 | Create | Spearman |
| 24:26 | Create | Villager (Male) |
| 24:35 | Research | Pikeman (upgrade) |
| 24:36 | Create | Villager (Male) |
| 24:42 | Create | Villager (Male) |
| 24:44 | Build | Lumber Camp |
| 24:56 | Create | Battering Ram |
| 24:59 | Build | Farm |
| 25:10 | Create | Monk |
| 25:12 | Create | Spearman |
| 25:16 | Build | Outpost |
| 25:21 | Create | Spearman |
| 25:21 | Create | Spearman |
| 25:58 | Create | Spearman |
| 25:58 | Create | Spearman |
| 26:02 | Create | Spearman |
| 26:03 | Create | Spearman |
| 26:11 | Create | Monk |
| 26:17 | Create | Spearman |
| 26:30 | Create | Villager (Male) |
| 26:31 | Create | Spearman |
| 26:33 | Create | Battering Ram |
| 26:38 | Build | House |
| 26:52 | Create | Villager (Male) |
| 26:55 | Create | Monk |
| 26:56 | Create | Spearman |
| 27:12 | Create | Villager (Male) |
| 27:18 | Create | Monk |
| 27:30 | Create | Monk |
| 27:35 | Create | Villager (Male) |
| 27:51 | Create | Battering Ram |
| 27:52 | Create | Villager (Male) |
| 27:55 | Create | Villager (Male) |
Match timeline
| 5:06 | Fabrizio 094455 · first_building Dock |
| 5:38 | Fabrizio 094455 · wall_segment Palisade Wall x1 |
| 5:38 | Fabrizio 094455 · wall_segment Palisade Wall x1 |
| 9:45 | JoshDomestique · age_up feudal |
| 10:26 | Fabrizio 094455 · age_up feudal |
| 13:44 | JoshDomestique · age_up castle |
| 13:46 | JoshDomestique · first_building Monastery |
| 13:47 | Fabrizio 094455 · first_building Barracks |
| 13:49 | Fabrizio 094455 · wall_segment Palisade Wall x1 |
| 13:55 | JoshDomestique · wall_segment Palisade Wall x1 |
| 13:57 | JoshDomestique · wall_segment Palisade Wall x1 |
| 14:01 | JoshDomestique · wall_segment Palisade Wall x1 |
| 14:26 | Fabrizio 094455 · first_market_buy 100 wood |
| 14:43 | JoshDomestique · first_building Barracks |
| 14:45 | Fabrizio 094455 · first_building Stable |
| 14:47 | Fabrizio 094455 · age_up castle |
| 15:01 | Fabrizio 094455 · wall_segment Palisade Wall x1 |
| 15:03 | Fabrizio 094455 · wall_segment Palisade Wall x1 |
| 15:22 | JoshDomestique · first_market_sell 100 stone |
| 16:49 | JoshDomestique · first_market_buy 100 food |
| 16:51 | Fabrizio 094455 · first_building Monastery |
| 17:38 | Fabrizio 094455 · first_market_sell 100 wood |
| 17:45 | JoshDomestique · first_building Siege Workshop |
| 28:20 | Fabrizio 094455 · first_building Archery Range |
| 32:09 | Fabrizio 094455 · resign |
[ AI ANALYSIS · 1 CREDIT ]
What really happened in this match?
Wolo.gg analyzes every decision: build order, eco, micro, common mistakes by bracket. Personalized analysis on WhatsApp or Discord in 30 seconds.
Civ guide
Burgundians
Perfil
Fabrizio 094455